 Dungeon Crawl Stone Soup version 0.29-a0-270-g1586fc07ea (webtiles) character file.

Game seed: 5406531418342559541

20335 lunkers the Stormcaller (level 12, 0/72 HPs)
             Began as a Tengu Air Elementalist on Mar 2, 2022.
             Was an Elder of Vehumet.
             Slain by a death yak simulacrum (32 damage)
             ... in an ice cave on Mar 7, 2022.
             The game lasted 00:37:21 (20364 turns).

lunkers the Stormcaller (Tengu Air Elementalist)   Turns: 20364, Time: 00:37:21

Health: 0/72       AC: 13    Str:  9    XL:     12   Next: 78%
Magic:  7/35       EV: 16    Int: 23    God:    Vehumet [****..]
Gold:   1537       SH:  0    Dex: 16    Spells: 20/30 levels left

rFire   . . .      SeeInvis .   y - +2 dagger (venom)
rCold   . . .      Faith    .   (no shield)
rNeg    . . .      Spirit   .   u - +4 ring mail
rPois   .          Reflect  .   (helmet restricted)
rElec   .          Harm     .   (no cloak)
rCorr   .          Rampage  .   (no gloves)
Will    +....                   (boots unavailable)
Stlth   +.........              (no amulet)
HPRegen 0.22/turn               g - ring of Dishonesty {Will+ AC+4 Int+4}
MPRegen 0.24/turn               C - ring of magical power

@: flying quickly and evasively, quick
A: beak, talons 3, nimble flight
a: Renounce Religion


You were in an ice cave.
You worshipped Vehumet.
Vehumet was greatly pleased with you.
You visited 3 branches of the dungeon, and saw 14 of its levels.
You also visited: Bailey and Ice Cave.

You collected 1537 gold pieces.

Inventory:

Hand Weapons
 o - a +4 dagger of chaos
 y - a +2 dagger of venom (weapon)
 B - a +1 dagger of draining
Missiles
 E - 3 throwing nets
Armour
 u - a +4 ring mail (worn)
 D - a +0 troll leather armour
Jewellery
 g - the ring of Dishonesty (left hand) {Will+ AC+4 Int+4}
   (You found it on level 2 of the Dungeon)

   [ring of protection]

   AC:        It affects your AC (+4).
   Int:       It affects your intelligence (+4).
   Will:      It increases your willpower.
 r - an amulet of faith
 s - a ring of wizardry
 t - a +6 ring of dexterity
 v - the ring of the Townfolk {rF+ Dex+6}
   (You found it on level 5 of the Dungeon)

   [ring of dexterity]

   Dex:       It affects your dexterity (+6).
   rF:        It protects you from fire.
 C - a ring of magical power (right hand)
 I - a ring of willpower
Wands
 a - a wand of polymorph (8)
 n - a wand of iceblast (5)
 F - a wand of acid (4)
Scrolls
 e - 2 scrolls of enchant armour
 h - 3 scrolls of blinking
 j - a scroll of enchant weapon
 m - 3 scrolls of fog
 x - a scroll of magic mapping
 G - 2 scrolls of teleportation
 H - a scroll of amnesia
Potions
 b - 4 potions of mutation
 c - 2 potions of invisibility
 d - 2 potions of resistance
 f - 3 potions of lignification
 i - 2 potions of haste
 k - 4 potions of attraction
 l - 5 potions of curing
 p - a potion of flight
 q - a potion of might
 w - a potion of ambrosia {unknown}
 z - a potion of magic {unknown}
 A - a potion of brilliance {unknown}


   Skills:
 + Level 7.3 Fighting
 + Level 8.3 Dodging
 - Level 2.0 Stealth
 + Level 9.9 Spellcasting
 - Level 1.3 Conjurations
 * Level 19.1 Air Magic


You had 20 spell levels left.
You knew the following spells:

 Your Spells              Type           Power      Damage    Failure   Level
a - Airstrike             Air            39%        N/A       1%          4
b - Static Discharge      Conj/Air       55%        N/A       1%          2
c - Swiftness             Air            78%        N/A       1%          3
d - Shock                 Conj/Air       100%       1d9       1%          1

Your spell library contained the following spells:

 Spells                   Type           Power      Damage    Failure   Level
 Mephitic Cloud           Conj/Pois/Air  42%        N/A       1%          3
 Silence                  Hex/Air        26%        N/A       9%          5
 Dazzling Flash           Conj/Hex       28%        N/A       10%         3
 Pain                     Necr           44%        1d6       16%         1
 Summon Ice Beast         Ice/Summ       11%        N/A       85%         4
 Agony                    Necr           11%        N/A       99%         5
 Excruciating Wounds      Necr           5%         N/A       99%         5
 Summon Mana Viper        Hex/Summ       11%        N/A       99%         5
 Monstrous Menagerie      Summ           5%         N/A       100%        7


Dungeon Overview and Level Annotations

Branches:
Dungeon (12/15)            Temple (1/1) D:5            Lair (1/6) D:11
    Orc (0/2) D:11         Bailey (visited)           IceCv (1/1)

Altars:
Ashenzari
Cheibriados
Dithmenos
Elyvilon
Fedhas
Gozag
Hepliaklqana
Kikubaaqudgha
Makhleb
Nemelex Xobeh
Okawaru
Qazlal
Ru
Sif Muna
Trog
Uskayaw
Vehumet
Wu Jian
Xom
Yredelemnul
Zin
The Shining One

Shops:
D:3 :   D:6 ([*==   D:11 *

Annotations:
D:12 Lodul


Innate Abilities, Weirdness & Mutations

You have a beak for a mouth.
You have claws for feet.
Your magical nature lets you fly swiftly and evasively.


Message History

The death yak simulacrum is heavily damaged.
Casting: Airstrike (safe; 1% risk of failure)
Confirm with . or Enter, or press ? or * to list all spells.
The air twists around and strikes the death yak simulacrum!
The death yak simulacrum is severely damaged.
Casting: Airstrike (safe; 1% risk of failure)
Confirm with . or Enter, or press ? or * to list all spells.
The air twists around and strikes the death yak simulacrum!
The death yak simulacrum vaporises!
Vehumet accepts your kill.
You feel your power returning. The spriggan simulacrum hits you.
The spriggan simulacrum freezes you!
Casting: Airstrike (safe; 1% risk of failure)
Confirm with . or Enter, or press ? or * to list all spells.
The air twists around and strikes the spriggan simulacrum!
The spriggan simulacrum is severely damaged.
Casting: Airstrike (safe; 1% risk of failure)
Confirm with . or Enter, or press ? or * to list all spells.
The air twists around and strikes the spriggan simulacrum!
The spriggan simulacrum vaporises!
Vehumet accepts your kill.
You feel your power returning.
Casting: Airstrike (safe; 1% risk of failure)
Confirm with . or Enter, or press ? or * to list all spells.
The air twists around and strikes the death yak simulacrum!
The death yak simulacrum is moderately damaged.
The death yak simulacrum gores you! The death yak simulacrum freezes you!
* * * LOW HITPOINT WARNING * * *
Casting: Airstrike (safe; 1% risk of failure)
Confirm with . or Enter, or press ? or * to list all spells.
Aiming: Airstrike (safe; 1% risk of failure)
Press: ? - help, Dir - move target, f/p - death yak simulacrum
Aim: a death yak simulacrum (moderately damaged, empty space bonus: 4/8)
The air twists around and strikes the death yak simulacrum!
The death yak simulacrum is severely damaged.
* * * LOW MAGIC WARNING * * *
The death yak simulacrum gores you.
* * * LOW HITPOINT WARNING * * *
The death yak simulacrum freezes you!!
You die...

#####
##...#####
#.......∩##
#.@#......#
#.Z###....#
##.. ##.#∩#
#... #####
##..# #..
#.. ...


You could see a death yak simulacrum.

Vanquished Creatures
  Snorg (D:10)
  Harold (D:9)
  2 hydras
  3 two-headed ogres
  A tengu warrior (D:11)
  2 cyclopes
  An ugly thing (D:12)
  Psyche (D:8)
  An unseen horror (D:10)
  A komodo dragon (D:11)
  A troll (D:10)
  2 shadows
  3 wraiths
  31 yaks
  3 wyverns (D:11)
  Eustachio (D:6)
  A steam dragon (D:6)
  A basilisk (Lair:1)
  A death yak simulacrum (IceCv)
  Menkaure (D:6)
  4 water moccasins
  4 acid dragons
  2 sky beasts
  8 orc warriors
  5 black bears
  2 ice beasts
  7 ogres
  6 centaurs
  2 phantoms (D:5)
  7 kobold brigands
  5 bullfrogs
  2 necrophages
  2 scorpions
  3 gnoll sergeants
  8 wights
  9 killer bees
  4 howler monkeys
  A jelly (D:8)
  5 hounds
  A gnoll shaman (D:6)
  6 orc priests
  4 iguanas
  13 orc wizards
  2 spriggan simulacra (IceCv)
  17 gnolls
  7 adders
  2 shadow imps
  2 white imps (D:5)
  6 worms
  5 dart slugs
  40 orcs
  6 endoplasms
  3 giant cockroaches
  9 goblins
  5 hobgoblins
  6 jackals (D:1)
  7 quokkas
  10 ball pythons
  11 bats
  A frilled lizard (D:1)
  13 kobolds
  8 rats
329 creatures vanquished.

Vanquished Creatures (others)
  3 bushes (D:11)
  A fungus (Lair:1)
  17 plants (D:11)
21 creatures vanquished.

Grand Total: 350 creatures vanquished

Notes
Turn   | Place    | Note
-------+----------+-------------------------------------------
     0 | D:1      | lunkers the Tengu Air Elementalist began the quest for the
                  | Orb.
     0 | D:1      | Reached XP level 1. HP: 10/10 MP: 4/4
   169 | D:1      | Reached XP level 2. HP: 15/15 MP: 0/6
   616 | D:1      | Reached skill level 5 in Air Magic
   695 | D:1      | Reached XP level 3. HP: 19/19 MP: 4/7
  1468 | D:1      | Found a faded altar of an unknown god.
  1511 | D:2      | Identified the ring of Dishonesty {Will+ AC+4 Int+4}
  1517 | D:2      | Learned a level 2 spell: Static Discharge
  1521 | D:2      | Learned a level 3 spell: Swiftness
  1591 | D:2      | Reached XP level 4. HP: 24/24 MP: 6/9
  1851 | D:2      | Found an ornate altar of the Wu Jian Council.
  2073 | D:2      | Reached skill level 6 in Air Magic
  2590 | D:3      | Gained mutation: Your magical nature lets you fly swiftly
                  | and evasively. [Tengu growth]
  2590 | D:3      | Reached XP level 5. HP: 28/28 MP: 4/10
  2817 | D:3      | Learned a level 4 spell: Airstrike
  2875 | D:3      | Found Taguoj's Book Shop.
  3286 | D:3      | Noticed an ogre
  3302 | D:3      | Killed an ogre
  3303 | D:3      | Reached skill level 7 in Air Magic
  3303 | D:3      | Reached XP level 6. HP: 13/32 MP: 0/12
  3704 | D:4      | Reached skill level 8 in Air Magic
  4147 | D:4      | Found an iron altar of Okawaru.
  4290 | D:4      | Reached XP level 7. HP: 36/36 MP: 8/14
  4622 | D:4      | Reached skill level 9 in Air Magic
  4946 | D:5      | Entered Level 5 of the Dungeon
  5185 | D:5      | Identified the ring of the Townfolk {rF+ Dex+6}
  5228 | D:5      | Reached skill level 10 in Air Magic
  5338 | D:5      | Reached skill level 5 in Spellcasting
  5338 | D:5      | Reached XP level 8. HP: 41/41 MP: 3/16
  5772 | D:5      | Reached skill level 11 in Air Magic
  6432 | D:5      | Found an ancient bone altar of Kikubaaqudgha.
  6709 | D:5      | Found a staircase to the Ecumenical Temple.
  6899 | Temple   | Entered the Ecumenical Temple
  7048 | Temple   | Became a worshipper of Vehumet
  7305 | D:6      | Found Zogg's Jewellery Emporium.
  7490 | D:6      | Reached skill level 12 in Air Magic
  7978 | D:6      | Noticed Eustachio
  7985 | D:6      | Killed Eustachio
  7986 | D:6      | Reached XP level 9. HP: 45/45 MP: 3/19
  8104 | D:6      | Found Faopheng's Jewellery Boutique.
  8371 | D:6      | Reached skill level 13 in Air Magic
  8435 | D:6      | Reached * piety under Vehumet
  8435 | D:6      | Offered knowledge of Magic Dart by Vehumet.
  8568 | D:6      | Found Lekk's Assorted Antiques.
  8659 | D:6      | Found an opulent altar of Gozag.
  8779 | D:6      | Noticed Menkaure
  8781 | D:6      | Killed Menkaure
  8839 | D:6      | Found Obege's Antique Armour Shop.
  8879 | D:6      | Found Houpip's Antique Weapon Boutique.
  9610 | D:7      | Reached skill level 14 in Air Magic
 10557 | D:8      | Reached skill level 1 in Fighting
 10686 | D:8      | Noticed Psyche
 10689 | D:8      | Killed Psyche
 10690 | D:8      | Reached XP level 10. HP: 52/53 MP: 9/22
 10723 | D:8      | Found a sparkling altar of Nemelex Xobeh.
 10736 | D:8      | Reached skill level 15 in Air Magic
 11060 | D:8      | Noticed a seven-headed hydra
 11076 | D:8      | Killed a seven-headed hydra
 11206 | D:8      | Upgraded the game from 0.29-a0-234-g0dae59b3db to
                  | 0.29-a0-270-g1586fc07ea
 11389 | D:8      | Offered knowledge of Sandblast by Vehumet.
 11452 | D:8      | Reached ** piety under Vehumet
 13091 | D:9      | Offered knowledge of Poisonous Vapours by Vehumet.
 13092 | D:9      | Reached skill level 16 in Air Magic
 13323 | D:9      | Reached skill level 5 in Dodging
 13458 | D:9      | Reached XP level 11. HP: 61/61 MP: 0/24
 14010 | D:10     | Entered Level 10 of the Dungeon
 14010 | D:10     | Found a flagged portal.
 14018 | D:10     | Reached *** piety under Vehumet
 14039 | Bailey   | Entered a bailey
 14312 | Bailey   | Identified the +4 rapier "Newtslayer" {antimagic, Str+5}
 14749 | Bailey   | Found a bloodstained altar of Trog.
 14889 | D:10     | Found a shimmering blue altar of Sif Muna.
 15155 | D:10     | Offered knowledge of Stone Arrow by Vehumet.
 15272 | D:10     | Reached skill level 5 in Fighting
 15554 | D:10     | Noticed Snorg
 15560 | D:10     | Noticed Harold
 15562 | D:10     | Killed Snorg
 15563 | D:10     | Reached skill level 17 in Air Magic
 16053 | D:9      | Killed Harold
 16245 | D:10     | Found a basalt altar of Yredelemnul.
 16246 | D:10     | Found a hide-covered altar of Uskayaw.
 16619 | D:11     | Noticed a cyclops
 16625 | D:11     | Killed a cyclops
 16770 | D:11     | Reached **** piety under Vehumet
 16813 | D:10     | Reached XP level 12. HP: 42/70 MP: 17/26
 17162 | D:11     | Reached skill level 18 in Air Magic
 17262 | D:11     | Noticed a six-headed hydra
 17267 | D:11     | Killed a six-headed hydra
 17330 | D:11     | Found Ezuggach's Overcharged Wands.
 17569 | D:11     | Offered knowledge of Mephitic Cloud by Vehumet.
 17807 | D:11     | Noticed a tengu warrior
 17830 | D:11     | Killed a tengu warrior
 18260 | D:11     | Found a staircase to the Lair.
 18401 | D:11     | Found a staircase to the Orcish Mines.
 18480 | D:12     | Noticed Lodul
 18480 | D:12     | Noticed a two-headed ogre
 18480 | D:12     | Noticed a two-headed ogre
 18480 | D:12     | Noticed a two-headed ogre
 18480 | D:12     | Noticed a two-headed ogre
 18480 | D:12     | Noticed a two-headed ogre
 18509 | D:11     | Killed a two-headed ogre
 18532 | D:11     | Killed a two-headed ogre
 19875 | D:12     | Killed a two-headed ogre
 19876 | D:12     | Reached skill level 19 in Air Magic
 20198 | Lair:1   | Entered Level 1 of the Lair of Beasts
 20336 | Lair:1   | Found a frozen archway.
 20345 | IceCv    | Entered an ice cave
 20364 | IceCv    | Slain by a death yak simulacrum

Illustrated notes

Levels and vault maps discovered:
D:1:      dpeg_arrival_water_temple_mockup, layout_loops_ring,
          hellmonk_ecumenical_altar_leap_of_faith, minmay_unequal
D:2:      layout_basic, basic_altar, serial_corexii_hall,
          chequers_hall_statues_corner_a, corexii_hall_statues_l,
          minmay_indecisive_spiral
D:3:      minmay_skewed_foursquare, layout_rooms, serial_shops,
          nicolae_shop_crystal
D:4:      layout_cave_pods, mainiacjoe_overflow_tiny_flanked, nicolae_wormholes
D:5:      layout_loops_ring, mainiacjoe_overflow_brackets,
          lemuel_temple_firewalk_b
D:6:      layout_basic, nicolae_overflow_crystal_walls, serial_shops,
          nicolae_shop_waterfront, nicolae_shop_trees, shop,
          nicolae_stop_n_shop_1, nicolae_inconvenience_store,
          amcnicky_mini_rare_corridor_liquid, uniq_menkaure, uniq_eustachio
D:7:      layout_loops_corners, kennysheep_small_circle
D:8:      layout_loops_cross, minmay_ruined_shrine, uniq_psyche
D:9:      layout_cave_pools
D:10:     layout_cross, minitemple, enter_bailey_3, uniq_snorg, uniq_harold
D:11:     layout_roguey, minmay_lair_entry_grove, orc_0_dummy,
          nicolae_shop_overcharged_wands
D:12:     layout_basic, uniq_lodul
Temple:   regret_index_temple_sphere_string
Lair:1:   layout_cave_pods, portal_ice_cave_entry_pillars_1, st_stairs_4,
          minivault_11
IceCv:    ice_cave_caverns_03

Skill      XL: |  1  2  3  4  5  6  7  8  9 10 11 12 |
---------------+-------------------------------------+-----
Air Magic      | 5 6 7 8 10 12 14 16 17 19 | 19.1
Spellcasting   | 3 4 5 6 7 8 9 |  9.9
Fighting       | 1 4 6 7 |  7.3
Dodging        | 3 5 7 8 |  8.3
Stealth        | |  2.0
Conjurations   | |  1.3

Action                   |  1- 3 |  4- 6 |  7- 9 | 10-12 || total
-------------------------+-------+-------+-------+-------++-------
Melee: Unarmed           |    18 |     1 |     2 |       ||    21
       Kick              |     6 |       |    12 |    22 ||    40
       Peck              |     1 |     1 |     7 |    16 ||    25
       Punch             |     1 |       |     1 |     1 ||     3
       Dagger            |       |       |    23 |    80 ||   103
 Cast: Shock             |    73 |   151 |    37 |       ||   261
       Static Discharge  |       |     2 |       |     6 ||     8
       Swiftness         |       |     1 |     1 |       ||     2
       Airstrike         |       |     1 |   109 |   331 ||   441
Evoke: Wand              |       |       |       |     5 ||     5
  Use: Scroll            |       |       |    10 |     8 ||    18
Armor: Robe              |     3 |     6 |       |       ||     9
       Ring mail         |       |     1 |    14 |    73 ||    88
Dodge: Dodged            |    22 |    17 |    30 |   141 ||   210

Table legend: (Time is in decaauts)
 A = Elapsed time spent in this place.
 B = Non-inter-level travel time spent in this place.
 C = Inter-level travel time spent in this place.
 D = Time resting spent in this place.
 E = Time spent auto-exploring this place.
 F = Levels seen in this place.
 G = Mean time per level.
                   A        B        C        D        E       F      G
               +--------+--------+--------+--------+--------+-----+--------+
         Total |  19677 |  19214 |    463 |   3652 |  13234 |  16 | 1229.8 |
       Dungeon |  18628 |  18188 |    440 |   3143 |  12874 |  12 | 1552.3 |
        Temple |    156 |    133 |     23 |      0 |    115 |   1 |  156.0 |
          Lair |    141 |    141 |      0 |     45 |     80 |   1 |  141.0 |
        Bailey |    733 |    733 |      0 |    464 |    156 |   1 |  733.0 |
      Ice Cave |     17 |     17 |      0 |      0 |      8 |   1 |   17.0 |
               +--------+--------+--------+--------+--------+-----+--------+

Top non-repeatable levels by time:
     D:8: 2782 daAuts
     D:5: 2185 daAuts
    D:11: 2053 daAuts
     D:6: 1774 daAuts
     D:9: 1569 daAuts
     D:1: 1492 daAuts
    D:10: 1276 daAuts
     D:4: 1230 daAuts
    D:12: 1165 daAuts
     D:2: 1091 daAuts
     D:3: 1027 daAuts
     D:7: 980 daAuts
  Bailey: 733 daAuts
  Temple: 156 daAuts
  Lair:1: 141 daAuts
